Map: Lost and Found LE

Players

SouLeer

  • Race: Zerg Zerg
  • Spawn Location: 7:00

DeMusliM - Winner!

  • Race: Terran Terran
  • Spawn Location: 1:00

Event: WCS Valencia 2018

VOD

Have the link to the VOD?

Description

Time

  • Played on: July 12, 2018, 6:30 a.m.
  • Length: 10:00

All games in this series

Show
View Real Time Build Order
Export as new Build Order

SouLeer Zerg 

Build Orders: Hatch First 

Get SALT Encoding   

  12  0:00  Drone  
  13  0:12  Overlord  
  13  0:16  Drone  
  14  0:30  Drone x2  
  14  0:35  Drone  
  17  0:51  Hatchery  
  17  0:54  Drone  
  17  0:57  Drone  
  18  1:07  Extractor  
  17  1:12  Spawning Pool  
  17  1:15  Drone  
  17  1:18  Drone  
  18  1:28  Drone  
  19  1:39  Overlord  
  19  1:49  Drone  
  20  1:58  Queen  
  20  2:00  Zergling x2  
  23  2:03  Zergling x2, Queen  
  26  2:09  Metabolic Boost  
  26  2:12  Drone  
  26  2:15  Drone  
  28  2:29  Hatchery  
  26  2:32  Drone  
  26  2:36  Zergling x4  
  28  2:43  Spore Crawler  
  27  2:45  Drone x2  
  27  2:50  Queen  
  32  3:00  Zergling x6  
  35  3:06  Zergling x2  
  35  3:08  Overlord  
  35  3:12  Overlord  
  36  3:14  Overlord  
  36  3:28  Zergling x10  
  36  3:33  Baneling Nest  
  36  3:34  Zergling x2  
  41  3:37  Zergling x2  
  42  3:42  Zergling x4  
  42  3:45  Zergling x2  
  45  3:50  Zergling x4  
  45  3:54  Zergling x4  
  49  3:57  Zergling x2  
  49  4:02  Overlord  
  50  4:05  Zergling x2  
  50  4:09  Zergling x2  
  52  4:16  Drone  
  52  4:17  Drone x3  
  50  4:22  Drone  
  50  4:23  Drone  
  48  4:27  Drone  
  49  4:33  Drone x2  
  49  4:34  Drone  
  52  4:39  Evolution Chamber, Drone  
  52  4:47  Queen  
  52  4:49  Drone x2  
  56  4:55  Spore Crawler, Drone  
  56  4:57  Drone  
  56  4:58  Drone  
  59  5:00  Drone  
  59  5:01  Drone  
  59  5:04  Spore Crawler  
  59  5:06  Spore Crawler  
  58  5:11  Drone x3  
  61  5:14  Drone  
  61  5:15  Drone  
  61  5:16  Drone  
  61  5:18  Zerg Melee Weapons Level 1  
  65  5:21  Drone  
  65  5:23  Drone  
  65  5:24  Overlord  
  65  5:27  Extractor  
  65  5:33  Roach Warren, Drone  
  65  5:34  Extractor  
  64  5:35  Overlord  
  64  5:42  Overlord  
  64  5:48  Drone x3  
  64  5:49  Overlord  
  67  5:53  Overlord  
  67  5:56  Lair  
  66  5:57  Drone  
  66  5:59  Drone x3  
  66  6:00  Drone x2  
  66  6:03  Drone x2  
  74  6:06  Overlord  
  74  6:09  Overlord  
  74  6:14  Roach x2  
  74  6:17  Roach x2  
  81  6:19  Roach  
  81  6:21  Roach  
  81  6:23  Roach  
  81  6:25  Roach  
  89  6:31  Roach x3  
  89  6:34  Roach x2  
  89  6:39  Roach x3  
  98  6:42  Roach  
  98  6:46  Roach x2  
  104  6:48  Overlord  
  104  6:49  Drone x2  
  105  6:55  Extractor x2, Drone x2  
  105  6:58  Queen  
  107  7:02  Roach x2  
  107  7:05  Glial Reconstitution, Evolution Chamber  
  107  7:06  Drone  
  107  7:07  Drone x2  
  113  7:09  Drone  
  113  7:11  Drone x2  
  113  7:13  Drone x2  
  118  7:18  Zergling x6  
  118  7:19  Zergling x2  
  118  7:22  Zergling x2  
  114  7:29  Roach  
  111  7:31  Zerg Missile Weapons Level 1  
  111  7:35  Queen  
  113  7:38  Zergling x6  
  113  7:39  Zergling x4  
  113  7:41  Ravager  
  119  7:45  Zergling x6  
  120  7:54  Overlord  
  120  8:00  Overlord x2  
  120  8:12  Ravager x4  
  118  8:13  Ravager  
  118  8:14  Hatchery  
  118  8:22  Roach x4  
  118  8:25  Roach x2  
  129  8:27  Drone  
  129  8:28  Drone x3  
  129  8:32  Drone  
  134  8:35  Drone x3  
  134  8:39  Ravager  
  135  8:47  Drone x3  
  138  8:50  Overlord  
  138  8:56  Roach  
  138  8:57  Hatchery, Roach x3  
  138  8:58  Overlord  
  145  9:04  Overlord  
  145  9:06  Extractor  
  144  9:11  Overlord  
  144  9:12  Ravager  
  144  9:13  Ravager  
  144  9:14  Drone x4  
  144  9:15  Drone x3  
  153  9:17  Roach  
  153  9:18  Roach x2  
  153  9:22  Overlord  
  159  9:27  Roach  
  159  9:28  Roach  
  163  9:32  Roach x2  
  163  9:35  Roach x2  
  163  9:38  Roach  
Show
View Real Time Build Order
Export as new Build Order

DeMusliM Terran - Winner!

Build Orders: Reaper Expand, MMM Bio 

Get SALT Encoding   

  12  0:00  SCV  
  13  0:12  SCV  
  14  0:17  Supply Depot  
  14  0:25  SCV  
  15  0:38  SCV  
  15  0:39  Barracks  
  16  0:43  Refinery  
  16  0:50  SCV  
  17  1:02  SCV  
  18  1:14  SCV  
  19  1:26  Reaper, Orbital Command  
  20  1:38  Command Center  
  20  1:45  Supply Depot  
  20  1:52  SCV  
  21  1:58  Marine  
  22  2:04  SCV  
  23  2:08  Factory  
  23  2:16  SCV  
  23  2:21  Barracks Reactor  
  24  2:32  SCV  
  25  2:44  SCV  
  25  2:49  Command Center  
  25  2:51  Orbital Command  
  26  2:56  SCV  
  26  2:58  Starport  
  27  3:06  Hellion  
  27  3:08  Hellion, SCV  
  27  3:12  Barracks Tech Lab  
  32  3:16  Refinery  
  32  3:18  SCV  
  33  3:22  SCV  
  34  3:28  Hellion  
  34  3:30  Hellion, SCV  
  39  3:37  SCV  
  40  3:42  SCV  
  40  3:45  Banshee  
  44  3:49  SCV  
  44  3:54  SCV  
  46  3:58  Supply Depot  
  46  4:01  SCV  
  47  4:05  Orbital Command  
  47  4:06  SCV  
  47  4:09  Barracks Tech Lab  
  48  4:11  Factory Reactor  
  48  4:13  SCV  
  49  4:18  SCV  
  48  4:24  Barracks  
  48  4:25  SCV  
  48  4:26  Supply Depot  
  48  4:28  Barracks  
  48  4:30  SCV  
  50  4:32  Stimpack  
  50  4:34  Orbital Command  
  50  4:37  SCV  
  51  4:39  Starport Reactor  
  51  4:42  SCV, Engineering Bay  
  51  4:44  Engineering Bay  
  52  4:48  Refinery  
  52  4:49  SCV  
  52  4:52  Refinery  
  53  4:54  SCV  
  54  5:00  Supply Depot  
  54  5:01  SCV x2  
  54  5:04  Marine  
  54  5:05  Siege Tank  
  54  5:07  SCV  
  61  5:10  Marine  
  61  5:11  Marine  
  61  5:12  Terran Infantry Weapons Level 1  
  61  5:13  SCV x2  
  65  5:19  SCV  
  65  5:20  Terran Infantry Armor Level 1  
  66  5:25  SCV  
  66  5:26  Supply Depot, SCV  
  66  5:28  Marine x3  
  70  5:32  SCV  
  70  5:33  Barracks  
  70  5:34  Marine, Barracks  
  73  5:37  SCV  
  73  5:38  SCV, Marine  
  76  5:43  Supply Depot  
  76  5:44  Supply Depot  
  76  5:45  Marine  
  76  5:47  SCV  
  76  5:49  SCV  
  79  5:52  Supply Depot  
  79  5:53  SCV, Marine  
  79  5:54  Marine  
  82  5:57  Armory, Medivac  
  82  6:01  Medivac  
  82  6:02  Marine x2  
  82  6:03  SCV  
  89  6:04  SCV  
  89  6:05  SCV  
  89  6:08  Supply Depot  
  89  6:10  Supply Depot, Marine  
  92  6:15  SCV, Marine  
  92  6:16  SCV  
  92  6:18  SCV  
  96  6:19  Marine  
  96  6:23  Marine  
  96  6:24  Barracks Reactor x2  
  98  6:28  SCV x2  
  98  6:31  Marine x2  
  101  6:35  Supply Depot, Marine  
  101  6:36  Supply Depot  
  101  6:37  Marine  
  103  6:41  Marine  
  103  6:42  Medivac x2  
  103  6:43  Siege Tank  
  103  6:44  SCV x2  
  103  6:46  Refinery  
  113  6:49  Marine x2  
  113  6:52  SCV  
  113  6:53  Marine  
  117  6:55  Marine  
  117  6:56  SCV  
  117  6:58  SCV  
  117  7:01  Supply Depot, Marine x2  
  120  7:02  Marine x3  
  120  7:04  Terran Vehicle And Ship Armor Level 1, Combat Shields  
  120  7:07  Marine x2  
  120  7:08  Terran Infantry Weapons Level 2, SCV x2  
  129  7:11  Marine  
  129  7:13  Marine  
  131  7:19  Marine x2  
  133  7:26  Marine x5  
  133  7:27  Terran Infantry Armor Level 2  
  138  7:33  Command Center  
  138  7:35  Marine x2  
  138  7:36  Marine  
  138  7:37  Marine  
  139  7:40  Siege Tank  
  143  7:44  Supply Depot, Marine x2  
  143  7:48  Marine x2  
  142  7:52  Marine x2  
  142  7:53  Marine  
  142  7:54  Supply Depot x2, Medivac x2  
  145  8:01  Supply Depot  
  145  8:02  Marine  
  145  8:03  Marine x2  
  145  8:04  Supply Depot  
  148  8:06  Marine x3  
  148  8:10  Marine  
  148  8:11  Marine  
  148  8:12  Siege Tank  
  156  8:15  Marine  
  157  8:20  Marine x2  
  157  8:23  Concussive Shells, Marine  
  157  8:24  Medivac, Marine x2  
  157  8:25  Medivac  
  166  8:32  Marine, Barracks  
  166  8:33  Barracks x2  
  166  8:36  Marine  
  166  8:37  Marine x2  
  166  8:41  Marine x3  
  170  8:44  Siege Tank  
  174  8:54  Medivac, Command Center, Marine  
  174  8:55  Medivac, Marine x2  
  179  8:56  Marine x2, Marauder  
  179  8:59  Marine x3  
  188  9:12  Marine  
  188  9:13  Marine  
  188  9:14  Refinery  
  188  9:15  Marine x3  
  198  9:17  Marauder  
  198  9:21  Planetary Fortress  
  198  9:22  Marine  
  199  9:25  Marine  
  199  9:26  Barracks Tech Lab x3  
  197  9:35  Marine  
  197  9:36  Marine x2  
  197  9:37  Marine  
Tags
 
Add a new tag
Caveats
  • Supply blocks, unpowered buildings, or Contaminate may cause inaccurate times.
  • Supply counts are checked every 10 seconds.